 Dungeon Crawl Stone Soup version 0.29.0-11-gd7f09526c8 (webtiles) character file.

Game seed: 15243839367834697035

100 benadryl the Ruffian (level 4, -1/45 HPs)
             Began as a Troll Fighter on Sept 6, 2022.
             Slain by a gnoll
             ... wielding a +0 halberd
              (13 damage)
             ... on level 3 of the Dungeon.
             The game lasted 00:01:57 (1356 turns).

benadryl the Ruffian (Troll Fighter)                Turns: 1356, Time: 00:01:58

Health: -1/45      AC:  4    Str: 26    XL:     4   Next: 47%
Magic:  3/3        EV:  8    Int:  4    God:
Gold:   97         SH:  7    Dex:  9    Spells: 3/3 levels left

rFire   . . .      SeeInvis .     - Unarmed
rCold   . . .      Faith    .   b - +0 kite shield
rNeg    . . .      Spirit   .   a - +0 robe
rPois   .          Reflect  .   (helmet restricted)
rElec   .          Harm     .   (no cloak)
rCorr   .          Rampage  .   (gloves unavailable)
Will    .....                   (boots unavailable)
Stlth   +.........              (no amulet)
HPRegen 0.95/turn               (no ring)
MPRegen 0.08/turn               (no ring)

@: mighty
A: large, unfitting armour, claws 3, regeneration 1, shaggy fur 1, tough skin 1
a: no special abilities


You were on level 3 of the Dungeon.
You visited 1 branch of the dungeon, and saw 3 of its levels.

You collected 97 gold pieces.

Inventory:

Armour
 a - a +0 robe (worn)
 b - a +0 kite shield (worn)
Magical Staves
 l - a staff of conjuration
Jewellery
 k - a ring of fire
 r - a ring of protection from fire
Scrolls
 e - 4 scrolls of noise {unknown}
 f - 3 scrolls of identify {unknown}
 g - a scroll of teleportation {unknown}
 i - a scroll of brand weapon {unknown}
 o - a scroll of enchant armour {unknown}
 q - a scroll of enchant weapon {unknown}
Potions
 d - a potion of ambrosia {unknown}
 h - a potion of curing {unknown}
 j - a potion of heal wounds {unknown}
 m - 2 potions of lignification {unknown}
 n - a potion of berserk rage {unknown}
 p - a potion of flight {unknown}


   Skills:
 + Level 3.0 Fighting
 - Level 2.4 Dodging
 + Level 3.3 Shields
 * Level 3.6 Unarmed Combat


You had 3 spell levels left.
You didn't know any spells.
Your spell library was empty.

Dungeon Overview and Level Annotations

Branches:
Dungeon (3/15)

Altars:

Shops:
D:2 [


Innate Abilities, Weirdness & Mutations

You are too large for most types of armour.
You have claws for hands.
Your natural rate of healing is unusually fast.
You are covered in fur. (AC +1)
You have tough skin. (AC +1)


Message History

You claw the hobgoblin!
You kill the hobgoblin!
No target in view!
You now have 97 gold pieces (gained 16).
r - a ring of protection from fire
e - 4 scrolls labelled RENUOWY HILY (gained 1)
A gnoll comes into view. It is wielding a +0 spear.
The gnoll shouts!
A gnoll comes into view. It is wielding a +0 flail.
A gnoll comes into view. It is wielding a +0 halberd.
The gnoll barely misses you. You block the gnoll's attack.
The gnoll hits you from afar with a +0 halberd!
You barely miss the gnoll. The gnoll hits you but does no damage.
You block the gnoll's attack.
You claw the gnoll!
The gnoll is almost dead.
The gnoll hits you from afar with a +0 halberd!
You block the gnoll's attack.
There are monsters nearby!
Sorry, you're not good enough to have a special ability.
You don't know any spells.
You feel very mighty all of a sudden. You block the gnoll's attack.
The gnoll barely misses you.
You claw the gnoll!
You kill the gnoll!
The gnoll hits you from afar with a +0 halberd!
You closely miss the gnoll. The gnoll barely misses you.
You block the gnoll's attack.
You closely miss the gnoll. The gnoll closely misses you.
The gnoll barely misses you.
You closely miss the gnoll. The gnoll hits you with a +0 flail!
* * * LOW HITPOINT WARNING * * *
The gnoll hits you from afar with a +0 halberd.
* * * LOW HITPOINT WARNING * * *
You closely miss the gnoll. You block the gnoll's attack. x2
You scratch the gnoll.
The gnoll is moderately wounded.
The gnoll hits you from afar with a +0 halberd!
You die...

.# ##### .# .... .#
####.#####.### .#
#......@g....# .#
#....####g...# .#
#....# ...# .######
#....#### ..# .(....#
#.###.#.## .#
......####.# ##.#.# #
####....##.# #.#.##
.##
#..#....####.#.###..#
#..####....####.....#


You could see 2 gnolls.

Vanquished Creatures
  Terence (D:2)
  2 adders (D:2)
  A gnoll (D:3)
  2 worms (D:2)
  2 dart slugs
  3 ball pythons
  A bat (D:2)
  An endoplasm (D:1)
  6 goblins
  6 hobgoblins
  9 kobolds
  4 frilled lizards (D:1)
  2 rats
40 creatures vanquished.

Vanquished Creatures (others)
  4 plants (D:1)
4 creatures vanquished.

Grand Total: 44 creatures vanquished

Notes
Turn   | Place    | Note
-------+----------+-------------------------------------------
     0 | D:1      | benadryl the Troll Fighter began the quest for the Orb.
     0 | D:1      | Reached XP level 1. HP: 22/22 MP: 0/0
   359 | D:1      | Reached XP level 2. HP: 26/29 MP: 1/1
   610 | D:2      | Found Haifag's Antique Armour Shop.
   711 | D:2      | Reached XP level 3. HP: 24/36 MP: 2/2
   931 | D:2      | Noticed Terence
   953 | D:2      | Killed Terence
   954 | D:2      | Reached XP level 4. HP: 24/44 MP: 3/3
  1356 | D:3      | Slain by a gnoll

Illustrated notes

Levels and vault maps discovered:
D:1:      dpeg_arrival_rhombi, layout_basic, lexackson_kobold_supper
D:2:      layout_rooms, serial_shops, nicolae_shop_hallway_stairs,
          minmay_door_square, mrwooster_statue_mirror, uniq_terence
D:3:      minmay_chambers_of_twos, layout_loops_ring, minivault_24

Skill      XL: |  1  2  3  4 |
---------------+-------------+-----
Shields        | 3 |  3.3
Unarmed Combat | 3 |  3.6
Fighting       | 3 |  3.0
Dodging        | |  2.4

Action                   |  1- 3 |  4- 6 || total
-------------------------+-------+-------++-------
Melee: Unarmed           |    93 |    24 ||   117
  Use: Potion            |       |     1 ||     1
 Stab: Sleeping          |       |     1 ||     1
Armor: Robe              |    31 |     2 ||    33
Dodge: Dodged            |    30 |     6 ||    36
Block: Kite shield       |    47 |    12 ||    59
